 Dungeon Crawl Stone Soup version 0.31-a0-1-g4198be8af4 (webtiles) character file.

Game seed: 18441127745696510590

1091 Conn the Magician (level 8, -21/47 HPs)
             Began as an Octopode Fire Elementalist on May 1, 2023.
             Demolished by a shadow (34 damage)
             ... on level 6 of the Dungeon.
             The game lasted 00:11:57 (5081 turns).

Conn the Magician (Octopode Fire Elementalist)      Turns: 5081, Time: 00:11:58

Health: -21/47     AC:  1    Str:  8    XL:     8   Next: 31%
Magic:  13/16      EV: 13    Int: 19    God:
Gold:   299        SH:  0    Dex: 12    Spells: 3/18 levels left

rFire   . . .        a - staff of conjuration
rCold   . . .        (no shield)
rNeg    . . .        (helmet restricted)
rPois   .            o - amulet of magic regeneration
rElec   .            C - ring of resist corrosion
rCorr   +            (no ring)
SInv    .            (no ring)
Will    .....        (no ring)
Stlth   ++++         (no ring)
HPRegen 0.27/turn    (no ring)
MPRegen 0.55/turn    (no ring)
                     (no ring)

%: no passive effects
@: hasted, very quick
A: almost no armour, amphibious, 8 rings, camouflage 1, gelatinous body 1,
(nimble swimmer 1), tentacles
a: no special abilities


You were on level 6 of the Dungeon.
You visited 1 branch of the dungeon, and saw 6 of its levels.
You also visited: Sewer.

You collected 299 gold pieces.

Inventory:

Hand Weapons
 b - the +7 Spriggan's Knife {stab, EV+4 Stlth+}
   (You found it on level 4 of the Dungeon)

   Stab:      It is more effective when stabbing unaware enemies, sometimes
   treating them as though they were completely helpless.
   EV:        It affects your evasion (+4).
   Stlth:     It makes you more stealthy.
 c - a +0 dagger
Missiles
 w - a curare-tipped dart
Magical Staves
 a - a staff of conjuration (weapon)
Jewellery
 g - a ring of ice
 o - an amulet of magic regeneration (around mantle)
 r - a ring of ice
 C - a ring of resist corrosion (left tentacle)
Wands
 y - a wand of flame (11)
Scrolls
 d - a scroll of teleportation
 h - 3 scrolls of amnesia {unknown}
 i - 2 scrolls of identify {unknown}
 k - 2 scrolls of immolation {unknown}
 l - a scroll of magic mapping {unknown}
 m - a scroll of torment {unknown}
 s - a scroll of vulnerability {unknown}
 u - a scroll of blinking {unknown}
Potions
 e - 5 potions of haste
 f - 4 potions of curing {unknown}
 j - a potion of magic
 n - a potion of degeneration {unknown}
 p - 3 potions of brilliance {unknown}
 q - a potion of ambrosia {unknown}
 t - 2 potions of might {unknown}
 v - a potion of berserk rage
 x - a potion of invisibility {unknown}
 z - a potion of cancellation {unknown}
 A - 2 potions of heal wounds {unknown}
 B - a potion of lignification {unknown}


   Skills:
 + Level 0.7 Fighting
 + Level 1.0 Short Blades
 + Level 1.2 Staves
 + Level 2.5 Dodging
 + Level 4.3 Stealth
 * Level 5.5 Spellcasting
 * Level 3.7 Conjurations
 * Level 2.7 Translocations
 + Level 5.3 Fire Magic


You had 3 spell levels left.
You knew the following spells:

 Your Spells              Type           Power      Damage    Failure   Level
a - Foxfire               Conj/Fire      100%       2x1d9     1%          1
b - Scorch                Fire           50%        2d7       1%          2
c - Inner Flame           Hex/Fire       15%        N/A       12%         3
d - Flame Wave            Conj/Fire      33%        2d10      19%         4
e - Blink                 Tloc           30%        N/A       6%          2
f - Summon Guardian Gole  Hex/Summ       5%         N/A       34%         3

Your spell library contained the following spells:

 Spells                   Type           Power      Damage    Failure   Level
 Momentum Strike          Conj/Tloc      52%        3d9       4%          2
 Lesser Beckoning         Tloc           30%        N/A       6%          2
 Volatile Blastmotes      Fire/Tloc      40%        2d13      7%          3
 Summon Small Mammal      Summ           20%        N/A       12%         1
 Stone Arrow              Conj/Erth      36%        3d9       17%         3
 Call Canine Familiar     Summ           5%         N/A       34%         3
 Animate Dead             Necr           5%         N/A       75%         4
 Summon Cactus Giant      Summ           2%         N/A       100%        6
 Haunt                    Necr/Summ      2%         N/A       100%        7
 Infestation              Necr           2%         N/A       100%        8
 Lehudib's Crystal Spear  Conj/Erth      9%         10d4      100%        8
 Animate Armour           Summ/Erth      Unusable   N/A       N/A         4

Dungeon Overview and Level Annotations

Branches:
Dungeon (6/15)              Sewer (visited)
 Temple: D:4-7

Altars:
Makhleb
Wu Jian

Annotations:
D:5 2 transporters, Frosty's ghost, novice DjIE


Innate Abilities, Weirdness & Mutations

You cannot wear most types of armour.
You are amphibious.
You can wear up to eight rings at the same time.
Your skin changes colour to match your surroundings (Stealth+).
Your rubbery body absorbs attacks. (AC +1, EV +1)
((You are camouflaged when in or above water. (Stealth+)))
You have tentacles for arms and can constrict up to eight enemies at once.


Message History

Confirm with . or Enter, or press ? or * to list all spells.
Okay, then.
a - a staff of conjuration (weapon)
Casting: Foxfire (safe; 1% risk of failure)
Confirm with . or Enter, or press ? or * to list all spells.
Flames lash the acid dragon.
The acid dragon is severely wounded.
The acid dragon's fire resistance burns away.
The acid dragon barely misses you. The acid dragon claws you.
Unknown command.
Casting: Scorch (safe; 2% risk of failure)
Confirm with . or Enter, or press ? or * to list all spells.
Okay, then.
Unknown command.
Unknown command.
Casting: Scorch (safe; 2% risk of failure)
Confirm with . or Enter, or press ? or * to list all spells.
Okay, then.
The acid dragon attacks as you move away!
The acid dragon barely misses you. x2
The acid dragon spits acid at you. The splash of acid hits you! You resist.
* * * LOW HITPOINT WARNING * * *
The shadow slips into darkness.
The shadow flickers and vanishes!
Deactivating autopickup; reactivate with Ctrl-A.
Okay, then.
Okay, then.
Okay, then.
Okay, then.
Unknown command.
Unknown command.
Casting: Scorch (safe; 2% risk of failure)
Confirm with . or Enter, or press ? or * to list all spells.
Flames lash the acid dragon.
The acid dragon is burned terribly!
You kill the acid dragon!
You feel yourself speed up.
The shadow strikes at you from the darkness!
Ouch! That really hurt!
You die...

#.#...#..<.†.###.#######
#...#...##..............
##....####.#####..###.#.
#.#### #........# #.#
########.# # #.# #######
#.# #.## #.# #.!...# #.#
.... #.#
#.....###.##..#.#. #.#
#.....@........... ..#
#.?...####.#..#.#. .##
#.....# #.# .... #######
#.# #.## #.# # #.# #..
###


There were no monsters in sight!

Vanquished Creatures
  Grinder (D:4)
  An acid dragon (D:6)
  An ogre (D:5)
  A kobold brigand (Sewer)
  3 scorpions (D:5)
  2 quasits (Sewer)
  A jelly (D:5)
  3 iguanas
  Terence (D:2)
  An orc wizard (D:5)
  Robin (D:2)
  8 adders
  A river rat (D:5)
  4 shadow imps (Sewer)
  2 ufetubi (Sewer)
  A dart slug (D:1)
  4 orcs (D:5)
  8 bats
  A bat zombie (Sewer)
  10 endoplasms
  2 giant cockroaches
  14 goblins
  6 hobgoblins
  4 jackals (D:3)
  5 quokkas
  9 ball pythons
  2 frilled lizards
  24 kobolds
  3 kobold zombies (Sewer)
  9 rats
133 creatures vanquished.

Vanquished Creatures (others)
  381 foxfires
381 creatures vanquished.

Grand Total: 514 creatures vanquished

Notes
Turn   | Place    | Note
-------+----------+-------------------------------------------
     0 | D:1      | Conn the Octopode Fire Elementalist began the quest for the
                  | Orb.
     0 | D:1      | Reached XP level 1. HP: 11/11 MP: 3/3
   237 | D:1      | Reached XP level 2. HP: 16/17 MP: 0/5
   296 | D:1      | Learned a level 2 spell: Scorch
   299 | D:1      | Learned a level 2 spell: Blink
   455 | D:1      | Reached XP level 3. HP: 10/21 MP: 6/6
  1318 | D:2      | Noticed Terence
  1347 | D:2      | Killed Terence
  1348 | D:2      | Reached skill level 1 in Short Blades
  1348 | D:2      | Reached XP level 4. HP: 27/27 MP: 0/7
  1489 | D:2      | Noticed Robin
  1569 | D:2      | Killed Robin
  2203 | D:3      | Reached XP level 5. HP: 31/31 MP: 6/9
  3160 | D:4      | Reached skill level 1 in Translocations
  3551 | D:4      | Noticed Grinder
  3552 | D:4      | Paralysed by Grinder for 3 turns
  3560 | D:4      | Killed Grinder
  3561 | D:4      | Reached skill level 1 in Staves
  3561 | D:4      | Reached XP level 6. HP: 32/37 MP: 5/11
  3587 | D:4      | Found the +7 Spriggan's Knife {stab, EV+4 Stlth+}
  3666 | D:4      | Found an ornate altar of the Wu Jian Council.
  3671 | D:4      | Noticed a spectral centipede
  3671 | D:4      | Noticed a spectral black mamba
  3671 | D:4      | Noticed a spectral cane toad
  4072 | D:5      | Entered Level 5 of the Dungeon
  4132 | D:5      | Reached XP level 7. HP: 42/42 MP: 9/12
  4135 | D:5      | Found a transporter.
  4135 | D:5      | Noticed Frosty's ghost (novice DjIE)
  4138 | D:5      | Noticed a komodo dragon
  4164 | D:5      | Found a glowing drain.
  4176 | Sewer    | Entered a sewer
  4299 | Sewer    | Found a burning altar of Makhleb.
  4611 | D:5      | Found a transporter.
  4631 | D:5      | Found a burning altar of Makhleb.
  4639 | D:5      | Reached skill level 5 in Spellcasting
  4639 | D:5      | Reached XP level 8. HP: 47/47 MP: 11/15
  4804 | D:5      | Reached skill level 5 in Fire Magic
  4959 | D:5      | Learned a level 3 spell: Inner Flame
  4964 | D:5      | Learned a level 4 spell: Flame Wave
  4968 | D:5      | Learned a level 3 spell: Summon Guardian Golem
  5068 | D:6      | Noticed a shadow
  5081 | D:6      | Demolished by a shadow

Illustrated notes

Levels and vault maps discovered:
D:1:      lemuel_arrival_broad_hall, layout_rooms, minmay_split_cup_large
D:2:      layout_basic, kennysheep_generic_room_14, uniq_terence, uniq_robin
D:3:      layout_basic
D:4:      layout_cave_pods, pdpol_wu_jian_five_deadly_venoms, hex_medium,
          uniq_grinder
D:5:      layout_basic, mainiacjoe_overflow_alcove_2, portal_sewer_entry_b,
          gammafunk_ghost_arena
D:6:      layout_loops_cross, lemuel_tele_altar,
          minmay_temple_entry_statues_pillars, gup_ossuary_entry_pyramid,
          ebering_ghost_inner_flame

Skill      XL: |  1  2  3  4  5  6  7  8 |
---------------+-------------------------+-----
Stealth        | 3 4 |  4.3
Short Blades   | 1 |  1.0
Spellcasting   | 3 5 |  5.5
Fire Magic     | 4 5 |  5.3
Translocations | 1 2 |  2.7
Staves         | 1 |  1.2
Conjurations   | 2 3 |  3.7
Fighting       | |  0.7
Dodging        | |  2.5

Action                     |  1- 3 |  4- 6 |  7- 9 || total
---------------------------+-------+-------+-------++-------
  Melee: Dagger            |    25 |       |       ||    25
         Constrict         |     7 |     5 |     5 ||    17
         Unarmed           |     1 |       |       ||     1
         Tentacles         |     2 |     4 |     1 ||     7
         Staff             |     1 |    23 |     9 ||    33
         Knife             |       |     3 |     1 ||     4
   Cast: Foxfire           |    53 |    62 |   120 ||   235
         Blink             |       |     1 |       ||     1
         Scorch            |       |     2 |     5 ||     7
    Use: Scroll            |     2 |       |       ||     2
         Potion            |     2 |       |     1 ||     3
   Stab: Sleeping          |     3 |     1 |     2 ||     6
 Armour: Skin              |     3 |     4 |     2 ||     9
  Dodge: Dodged            |     6 |    22 |    17 ||    45

Table legend: (Time is in decaauts)
 A = Elapsed time spent in this place.
 B = Non-inter-level travel time spent in this place.
 C = Inter-level travel time spent in this place.
 D = Time resting spent in this place.
 E = Time spent auto-exploring this place.
 F = Levels seen in this place.
 G = Mean time per level.
                   A        B        C        D        E       F      G
               +--------+--------+--------+--------+--------+-----+--------+
         Total |   5081 |   4926 |    155 |     14 |   3508 |   7 |  725.9 |
       Dungeon |   4745 |   4590 |    155 |     14 |   3415 |   6 |  790.8 |
         Sewer |    336 |    336 |      0 |      0 |     93 |   1 |  336.0 |
               +--------+--------+--------+--------+--------+-----+--------+

Top non-repeatable levels by time:
     D:2: 1237 daAuts
     D:4: 1046 daAuts
     D:3: 1040 daAuts
     D:1: 784 daAuts
     D:5: 573 daAuts
   Sewer: 336 daAuts
     D:6: 62 daAuts
